 Dungeon Crawl Stone Soup version 0.20-a0-4-gd166d5d (webtiles) character file.

84 Softman25 the Poker (level 4, -3/33 HPs)
             Began as a Merfolk Gladiator on Oct 31, 2016.
             Slain by Natasha (5 damage)
             ... on level 2 of the Dungeon.
             The game lasted 00:03:23 (1866 turns).

Softman25 the Poker (Merfolk Gladiator)             Turns: 1866, Time: 00:03:23

Health: -3/33      AC:  4    Str: 15    XL:     4   Next: 46%
Magic:  4/4        EV: 14    Int: 12    God:
Gold:   89         SH:  0    Dex: 15    Spells: 0 memorised, 3 levels left

rFire  . . .     SeeInvis .     a - +0 trident
rCold  . . .     Gourm    .     b - +0 leather armour
rNeg   . . .     Faith    .     (no shield)
rPois  .         Spirit   .     c - +0 helmet
rElec  .         Reflect  .     (no cloak)
rCorr  .         Harm     .     (no gloves)
MR     .....                    (no boots)
Stlth  +.........               (no amulet)
                                (no ring)
                                (no ring)

@: brilliant, slowed, very slow
A: change form in water, swift swim, stealthy swim
a: no special abilities


You were on level 2 of the Dungeon.
You were not hungry.

You visited 1 branch of the dungeon, and saw 2 of its levels.

You collected 89 gold pieces.

Inventory:

Hand Weapons
 a - a +0 trident (weapon)
Missiles
 d - 3 throwing nets (quivered)
Armour
 b - a +0 leather armour (worn)
 c - a +0 helmet (worn)
Jewellery
 r - an uncursed ring of magical power {unknown}
Scrolls
 e - 2 scrolls of remove curse {unknown}
 j - 3 scrolls of identify {unknown}
 l - a scroll of enchant armour {unknown}
 n - a scroll of fear {unknown}
 o - a scroll of fog {unknown}
 p - a scroll of teleportation {unknown}
 s - a scroll of noise {unknown}
Potions
 h - a potion of brilliance
 i - a potion of heal wounds {unknown}
 k - a potion of magic {unknown}
 q - 2 potions of mutation {unknown}
 t - a potion of ambrosia {unknown}
Comestibles
 f - 3 bread rations
 g - a beef jerky
 m - a meat ration
 u - 3 fruits


   Skills:
 - Level 2.1 Fighting
 + Level 7.4 Polearms
 - Level 2.0 Throwing
 - Level 4.0 Dodging


You had 3 spell levels left.
You didn't know any spells.

Dungeon Overview and Level Annotations

Branches:
Dungeon (2/15)

Altars:
Ashenzari
Sif Muna

Annotations:
D:2 Natasha


Message History

Natasha is severely wounded.
Natasha mumbles some strange words.
You feel disoriented. Natasha closely misses you.
The shadow imp barely misses you. Natasha claws you.
You hit Natasha.
Natasha is severely wounded.
The shadow imp gestures at you.
You barely resist. Natasha barely misses you.
You hit Natasha but do no damage.
Natasha is severely wounded.
The shadow imp closely misses you. Natasha claws you!
* * * LOW HITPOINT WARNING * * *
The shadow imp hits you but does no damage.
It was a potion of brilliance.
You feel clever all of a sudden.
Natasha stares at you and mumbles some strange words.
You feel as though you will be slow longer.
The shadow imp misses you. Natasha claws you.
You die...

#+##############
####.##...##.......
#....##...##.......
######5...##..[##......)
.....Sh@...'...''.......
.########.##...##.......
#.##...#######..
#.##...# #..... #.######
#..... #.# #..... #.#
#####..... #.#
#.......## #.# #.......#


You could see Natasha, an adder and a shadow imp.

Vanquished Creatures
  Ijyb (D:2)
  An adder (D:2)
  2 worms (D:2)
  2 dart slugs
  A leopard gecko (D:1)
  3 bats
  2 giant cockroaches
  4 goblins (D:1)
  4 hobgoblins
  6 jackals
  5 frilled lizards
  4 kobolds
  5 rats
40 creatures vanquished.

Notes
Turn   | Place    | Note
-------+----------+-------------------------------------------
     0 | D:1      | Softman25 the Merfolk Gladiator began the quest for the Orb.
     0 | D:1      | Reached XP level 1. HP: 16/16 MP: 1/1
   248 | D:1      | Reached skill level 5 in Polearms
   254 | D:1      | You fall through a shaft!
   255 | D:2      | Reached XP level 2. HP: 22/22 MP: 2/2
   295 | D:2      | Noticed Ijyb
   318 | D:2      | Killed Ijyb
   318 | D:2      | Reached skill level 6 in Polearms
   318 | D:2      | Reached XP level 3. HP: 12/27 MP: 3/3
   324 | D:2      | Noticed Natasha
  1326 | D:2      | Found a shattered altar of Ashenzari.
  1326 | D:2      | Found a deep blue altar of Sif Muna.
  1356 | D:2      | Reached XP level 4. HP: 33/33 MP: 4/4
  1367 | D:2      | Reached skill level 7 in Polearms
  1866 | D:2      | Slain by Natasha

Vault maps used:
D:1:      dpeg_arrival_oval
D:2:      minmay_wonky_spiral, gammafunk_temple_overflow_wave,
          roderic_serpentine_path, uniq_natasha, uniq_iyjb, uniq_robin

Skill      XL: |  1  2  3  4 |
---------------+-------------+-----
Polearms       | 5 6 7 |  7.4
Fighting       | |  2.1
Throwing       | |  2.0
Dodging        | |  4.0

Action                   |  1- 3 |  4- 6 || total
-------------------------+-------+-------++-------
Melee: Trident           |   112 |    55 ||   167
  Use: Potion            |       |     1 ||     1
 Stab: Distracted        |     1 |       ||     1
  Eat: Chunk             |       |     3 ||     3
Armor: Leather armour    |    19 |    13 ||    32
Dodge: Dodged            |    64 |    37 ||   101
